Map: Frozen Temple

Players

HakunaMatata - Winner!

  • Race: Terran Terran
  • League: Silver
  • Spawn Location: 5:00

Fropez

  • Race: Protoss Protoss
  • League: Silver
  • Spawn Location: 11:00

VOD

Have the link to the VOD?

Description

Time

  • Played on: May 11, 2016, 11:17 a.m.
  • Length: 13:05
Show
View Real Time Build Order
Export as new Build Order

HakunaMatata Terran - Winner!

Build Orders: MMM Bio 

Get SALT Encoding   

  12  0:03  SCV  
  13  0:15  SCV  
  13  0:19  Supply Depot  
  14  0:28  SCV  
  15  0:41  SCV  
  16  0:42  Barracks  
  16  0:45  Refinery  
  16  0:53  SCV  
  17  1:05  SCV  
  18  1:17  SCV  
  19  1:29  SCV  
  19  1:30  Reaper  
  21  1:42  Command Center  
  22  1:49  Orbital Command  
  21  2:01  Supply Depot  
  21  2:17  SCV  
  22  2:23  Command Center  
  22  2:33  SCV  
  22  2:35  Bunker  
  23  2:47  Barracks  
  23  2:51  SCV, Barracks  
  24  2:59  Marine  
  24  3:03  SCV  
  26  3:06  Orbital Command  
  26  3:18  Barracks  
  26  3:30  Marine  
  27  3:35  SCV  
  28  3:45  Marine x2  
  28  3:48  Marine, Refinery  
  30  3:51  Factory  
  31  4:01  Bunker  
  31  4:03  Marine x2  
  31  4:05  SCV  
  31  4:08  Supply Depot  
  34  4:10  Marine  
  34  4:14  Barracks Tech Lab  
  35  4:17  Orbital Command  
  35  4:25  SCV x2  
  37  4:32  Bunker  
  37  4:33  Marine  
  37  4:34  Marine x2  
  37  4:37  SCV  
  41  4:44  Bunker  
  41  4:46  SCV  
  41  4:49  SCV  
  41  4:51  Marine x3  
  46  4:57  Starport  
  46  4:58  Factory Reactor  
  46  4:59  SCV  
  47  5:00  SCV  
  47  5:01  SCV  
  49  5:07  Combat Shields  
  49  5:09  Barracks Tech Lab  
  49  5:10  Barracks Reactor  
  49  5:11  SCV  
  50  5:20  SCV  
  50  5:21  SCV, Supply Depot x2  
  52  5:23  SCV, Refinery  
  52  5:25  Refinery  
  53  5:32  SCV  
  53  5:33  Marine x3  
  53  5:35  Medivac  
  59  5:43  Supply Depot  
  59  5:45  SCV  
  59  5:46  SCV  
  61  5:52  Supply Depot x2  
  61  5:53  Supply Depot  
  61  5:58  Marine x4  
  61  5:59  Marine  
  66  6:10  SCV x3  
  69  6:14  Medivac  
  69  6:15  Medivac  
  69  6:16  Marine x4  
  77  6:18  Widow Mine  
  77  6:20  Marine  
  77  6:22  SCV  
  77  6:23  SCV  
  82  6:28  Engineering Bay  
  82  6:31  Engineering Bay  
  82  6:33  Marine  
  82  6:34  Marine x2  
  82  6:36  Stimpack  
  82  6:37  Marine  
  82  6:38  Marauder  
  82  6:39  SCV  
  89  6:40  SCV  
  89  6:41  SCV  
  91  6:47  Widow Mine  
  91  6:51  Marine  
  91  6:52  Marine x2  
  96  6:55  Marine, Supply Depot x2  
  96  6:56  Supply Depot  
  96  6:57  Supply Depot  
  96  6:59  Marauder  
  99  7:09  Marine x2  
  99  7:10  Marine  
  99  7:11  Barracks  
  99  7:13  SCV x2  
  99  7:14  Marauder, Barracks  
  106  7:22  Barracks  
  106  7:25  Missile Turret  
  106  7:26  Terran Infantry Weapons Level 1  
  106  7:29  Orbital Command, Terran Infantry Armor Level 1  
  106  7:32  Missile Turret  
  106  7:36  Missile Turret  
  106  7:44  Command Center  
  106  7:48  Marine, Missile Turret  
  106  7:49  Marine x2, Marauder  
  111  7:53  SCV x2  
  113  8:01  Medivac  
  113  8:02  Medivac  
  113  8:05  SCV  
  118  8:09  Refinery  
  116  8:14  Marine x2  
  116  8:15  Marine x3, Marauder x2  
  116  8:16  Marine  
  116  8:18  SCV  
  116  8:19  SCV  
  128  8:20  SCV  
  129  8:32  Marine x4  
  129  8:33  SCV x2  
  135  8:36  SCV, Refinery, Marauder x2  
  135  8:40  Medivac  
  142  8:45  SCV x2  
  144  8:52  SCV, Armory  
  145  8:57  SCV, Marauder  
  145  8:58  SCV, Marauder  
  151  9:03  Marine, Ghost Academy  
  151  9:04  Marine x2  
  151  9:05  Medivac  
  156  9:19  Orbital Command, Marauder x2  
  156  9:23  SCV x2  
  162  9:25  Command Center  
  161  9:32  Supply Depot  
  161  9:33  Supply Depot  
  161  9:35  Supply Depot  
  156  9:44  SCV x3  
  159  9:52  Personal Cloaking  
  159  9:56  SCV x3  
  159  9:57  Terran Infantry Armor Level 2, Terran Infantry Weapons Level 2  
  162  10:08  SCV  
  162  10:19  Marine x3  
  162  10:20  Marine x2, Marauder  
  169  10:23  Command Center  
  169  10:25  Command Center  
  169  10:27  Medivac  
  171  10:36  Barracks  
  171  10:37  Command Center  
  171  10:38  Barracks  
  171  10:48  Command Center  
  171  10:53  Starport  
  171  10:55  Barracks Tech Lab x3  
  171  10:56  Starport  
  171  10:57  Starport  
  171  11:07  Barracks Tech Lab  
  170  11:33  Refinery x2  
  170  11:35  Liberator  
  170  11:41  Orbital Command x2  
  170  11:48  Ghost x6  
  183  12:16  Ghost  
Show
View Real Time Build Order
Export as new Build Order

Fropez Protoss 

Build Orders:  

Get SALT Encoding   

  12  0:01  Probe (Chrono Boost)  
  13  0:15  Pylon  
  13  0:22  Probe (Chrono Boost)  
  14  0:38  Gateway  
  14  0:45  Pylon  
  14  0:47  Assimilator  
  15  0:50  Probe (Chrono Boost)  
  15  1:00  Probe (Chrono Boost)  
  16  1:08  Gateway  
  17  1:11  Probe (Chrono Boost)  
  17  1:27  Cybernetics Core  
  17  1:42  Probe (Chrono Boost), Gateway  
  19  1:59  Assimilator  
  19  2:06  Mothership Core (Chrono Boost)  
  19  2:10  Warp Gate (Chrono Boost)  
  19  2:24  Adept  
  19  2:25  Adept  
  23  2:31  Probe  
  24  2:38  Pylon  
  24  2:43  Adept  
  26  2:51  Adept  
  26  2:54  Adept  
  30  3:01  Probe  
  31  3:10  Adept  
  33  3:13  Probe  
  34  3:50  Probe  
  34  3:51  Pylon  
  35  3:58  Forge  
  35  4:05  Probe  
  36  4:30  Probe  
  37  4:34  Pylon, Protoss Ground Weapons Level 1 (Chrono Boost)  
  37  4:44  Probe  
  38  4:45  Nexus  
  38  4:49  Pylon  
  38  4:58  Adept x2  
  38  4:59  Adept  
  44  5:09  Probe  
  45  5:21  Probe  
  46  5:36  Pylon  
  46  5:46  Assimilator  
  46  5:48  Assimilator  
  46  5:50  Pylon  
  46  5:53  Robotics Facility  
  46  5:58  Probe  
  47  6:07  Adept x3  
  53  6:21  Probe  
  53  6:23  Probe  
  55  6:45  Probe  
  55  6:46  Probe  
  57  6:47  Protoss Ground Armor Level 1 (Chrono Boost)  
  57  6:50  Observer (Chrono Boost)  
  58  7:01  Robotics Facility  
  58  7:07  Probe  
  58  7:08  Twilight Council  
  59  7:13  Gateway  
  59  7:15  Immortal (Chrono Boost)  
  63  7:28  Photon Cannon  
  63  7:30  Probe  
  62  7:46  Photon Cannon  
  62  7:48  Probe x2  
  64  7:51  Adept  
  64  7:52  Adept x2  
  70  8:00  Probe x2  
  76  8:06  Immortal (Chrono Boost)  
  76  8:12  Probe  
  75  8:18  Adept x3  
  81  8:41  Protoss Ground Weapons Level 2  
  81  8:54  Immortal (Chrono Boost)  
  81  8:55  Immortal (Chrono Boost)  
  89  8:56  Probe  
  89  8:57  Probe  
  89  9:00  Resonating Glaives (Chrono Boost)  
  91  9:08  Probe  
  79  9:52  Immortal  
  83  9:53  Immortal  
  83  9:55  Sentry x3  
  93  10:03  Pylon  
  93  10:06  Pylon, Probe  
  94  10:09  Probe  
  75  10:24  Robotics Bay  
  75  10:35  Gateway x2  
  75  10:37  Probe x2  
  75  10:40  Immortal x2  
  85  10:49  Probe x2  
  87  10:58  Zealot x3  
  87  11:00  Zealot  
  95  11:16  Probe  
  95  11:17  Probe  
  97  11:18  Colossus x2  
  97  11:22  Extended Thermal Lance  
  101  11:47  Pylon  
  100  12:06  Probe  
  100  12:07  Probe  
Tags
 
Composition
MMM Bio
Matchup
PvT
Replay Pack
All Mines
Spawn Locations
Cross Positions
Add a new tag
Caveats
  • Supply blocks, unpowered buildings, or Contaminate may cause inaccurate times.
  • Supply counts are checked every 10 seconds.